 Dungeon Crawl Stone Soup version 0.30-a0-772-g5528072125 (webtiles) character file.

Game seed: 2809952909177568957

252 holysushi the Cutter (level 6, -3/32 HPs)
             Began as a Vine Stalker Monk on Feb 12, 2023.
             Was an Initiate of Gozag.
             Slain by Grinder (4 damage)
             ... while paralysed by Grinder
             ... on level 4 of the Dungeon.
             The game lasted 00:03:08 (2906 turns).

holysushi the Cutter (Vine Stalker Monk)            Turns: 2906, Time: 00:03:09

Health: -3/32      AC:  3    Str: 14    XL:     6   Next: 13%
Magic:  0/2        EV:  2    Int: 15    God:    Gozag
Gold:   265        SH:  0    Dex: 18    Spells: 5/5 levels left

rFire   + . .      SeeInvis .    s - +6 falchion of Riogho {antimagic, rF+ Int+5}
rCold   . . .      Faith    .    (no shield)
rNeg    . . .      Spirit   +    b - +0 robe
rPois   .          Reflect  .    (no helmet)
rElec   .          Harm     .    (no cloak)
rCorr   .          Rampage  .    h - +0 pair of gloves
Will    .....                    (no boots)
Stlth   +                        (no amulet)
HPRegen 1.05/turn                (no ring)
MPRegen 0.08/turn                (no ring)

@: paralysed, silenced
A: fangs 2, regeneration 1, magic shield, antimagic bite, no potion heal 2
a: Renounce Religion


You were on level 4 of the Dungeon.
You worshipped Gozag.
Gozag was aware of your devotion.
You visited 2 branches of the dungeon, and saw 5 of its levels.

You collected 265 gold pieces.

Inventory:

Hand Weapons
 a - a +0 short sword
 s - the +6 falchion of Riogho (weapon) {antimagic, rF+ Int+5}
   (You found it on level 4 of the Dungeon)

   Int:       It affects your intelligence (+5).
   rF:        It protects you from fire.
Armour
 b - a +0 robe (worn)
 h - a +0 pair of gloves (worn)
Jewellery
 u - an amulet of reflection
Scrolls
 d - 2 scrolls of enchant armour {unknown}
 f - a scroll of butterflies {unknown}
 g - 3 scrolls of identify {unknown}
 i - a scroll of silence
 k - 2 scrolls of enchant weapon {unknown}
 l - a scroll of fear {unknown}
 o - a scroll of noise {unknown}
 p - 3 scrolls of blinking {unknown}
 r - 2 scrolls of teleportation {unknown}
 v - a scroll of amnesia {unknown}
Potions
 c - 2 potions of ambrosia
 e - 2 potions of attraction {unknown}
 j - a potion of flight {unknown}
 m - a potion of curing {unknown}
 n - a potion of lignification {unknown}
 q - a potion of cancellation {unknown}
 t - a potion of brilliance {unknown}


   Skills:
 - Level 2.6 Fighting
 - Level 5.6 Short Blades
 + Level 3.2 Dodging
 - Level 2.4 Stealth


You had 5 spell levels left.
You didn't know any spells.
Your spell library was empty.

Dungeon Overview and Level Annotations

Branches:
Dungeon (4/15) Zot: 21282  Temple (1/1) D:4 Zot: 5794

Altars:
Cheibriados
Dithmenos
Elyvilon
Fedhas
Gozag
Hepliaklqana
Kikubaaqudgha
Makhleb
Qazlal
Ru
Sif Muna
Trog
Uskayaw
Vehumet
Wu Jian
Xom
Yredelemnul
Zin
The Shining One

Shops:
D:3 (

Annotations:
D:4 Grinder


Innate Abilities, Weirdness & Mutations

You have extremely sharp teeth.
Your natural rate of healing is unusually fast.
When hurt, damage is shared between your health and your magic reserves.
Your bite disrupts and absorbs the magic of your enemies.
Potions cannot restore your health.


Message History

Grinder is nearby!
Grinder is nearby!
You start waiting.
Grinder is nearby!
Grinder is nearby!
Grinder blinks!
Grinder blinks!
You start waiting.
Grinder is nearby!
Grinder is nearby!
Grinder is nearby!
Grinder hits you.
You writhe in agony.
You closely miss Grinder. You bite Grinder, but do no damage.
Grinder gestures at you.
You suddenly lose the ability to move!
Grinder hits you.
You writhe in agony.
Grinder hits you.
You writhe in agony.
Grinder hits you. Grinder hits you!
You can move again.
You barely miss Grinder. Your bite misses Grinder. Grinder closely misses you.
Grinder gestures at you. Pain shoots through your body!
* * * LOW HITPOINT WARNING * * *
Unknown command.
As you read the scroll labelled PUOPNU IT REMA, it crumbles to dust.
A profound silence engulfs you.
It was a scroll of silence.
Grinder hits you.
* * * LOW HITPOINT WARNING * * *
You writhe in agony.
* * * LOW HITPOINT WARNING * * *
You hit Grinder.
Grinder's magic leaks into the air.
You bite Grinder.
Grinder's magic leaks into the air.
You drain her magic.
You feel invigorated.
Grinder is moderately wounded.
Grinder gestures at you.
You suddenly lose the ability to move!
Grinder hits you.
* * * LOW HITPOINT WARNING * * *
You writhe in agony.
You die...
Your body crumbles into a pile of gold.

#.....# #..###.##.......#..>..##.
......# .# #..................##
.#....# #...#.......ยง.......#
.##...# ###.###....##..........
......###.##...##...............#
...##....##.....##..............#
..###..###.......#..............#
..###.##....._...5...........
#........#......@#......##..
###......##.....##...#...# #
##......##...##...##....#
#.......##.##......#..##
#.<....#...........####
##.....#.##..........
##.......##.##......#
######.######....#.##..#
#).....######....... .##


You could see Grinder (unsilenced, magic disrupted).

Vanquished Creatures
  A phantom (D:4)
  2 iguanas (D:4)
  A statue (D:4)
  2 adders
  A worm (D:4)
  4 dart slugs
  5 orcs
  5 ball pythons
  5 bats
  9 endoplasms
  10 hobgoblins
  4 quokkas
  A frilled lizard (D:2)
  6 goblins
  5 kobolds
  6 rats
67 creatures vanquished.

Vanquished Creatures (others)
  A plant (D:1)
1 creature vanquished.

Grand Total: 68 creatures vanquished

Notes
Turn   | Place    | Note
-------+----------+-------------------------------------------
     0 | D:1      | holysushi the Vine Stalker Monk began the quest for the
                  | Orb.
     0 | D:1      | Reached XP level 1. HP: 11/11 MP: 2/2
   200 | D:1      | Reached skill level 3 in Short Blades
   227 | D:1      | Reached XP level 2. HP: 14/16 MP: 1/3
   950 | D:2      | Reached XP level 3. HP: 17/19 MP: 4/4
  1180 | D:2      | Reached skill level 4 in Short Blades
  1626 | D:3      | Found a sacrificial altar of Ru.
  1626 | D:3      | Found a snail-covered altar of Cheibriados.
  1626 | D:3      | Found a shimmering blue altar of Sif Muna.
  1627 | D:3      | Found a glowing golden altar of the Shining One.
  1688 | D:3      | Gained mutation: Your natural rate of healing is unusually
                  | fast. [Vine Stalker growth]
  1688 | D:3      | Reached XP level 4. HP: 22/23 MP: 5/5
  1691 | D:3      | Found a shadowy altar of Dithmenos.
  1812 | D:3      | Found Lequgeck's Weapon Boutique.
  2213 | D:4      | Found a bloodstained altar of Trog.
  2262 | D:4      | Identified the +6 falchion of Riogho {antimagic, rF+ Int+5}
  2288 | D:4      | Found a staircase to the Ecumenical Temple.
  2323 | Temple   | Entered the Ecumenical Temple
  2499 | Temple   | Became a worshipper of Gozag Ym Sagoz the Greedy
  2553 | D:4      | Noticed a phantom
  2565 | D:4      | Killed a phantom
  2566 | D:4      | Reached skill level 5 in Short Blades
  2566 | D:4      | Reached XP level 5. HP: 26/27 MP: 2/6
  2734 | D:4      | Found a burning altar of Makhleb.
  2743 | D:4      | Reached XP level 6. HP: 18/32 MP: 1/7
  2793 | D:4      | Found a radiant altar of Vehumet.
  2875 | D:4      | Noticed Grinder
  2898 | D:4      | Paralysed by Grinder for 5 turns
  2904 | D:4      | HP: 1/32 [Grinder (2)]
  2905 | D:4      | Paralysed by Grinder for 2 turns
  2906 | D:4      | Slain by Grinder

Illustrated notes

Levels and vault maps discovered:
D:1:      lemuel_arrival_muddy, layout_basic
D:2:      layout_rooms, roderic_lattice_a, chequers_serial_rivers_large_b
D:3:      layout_basic, mainiacjoe_overflow_alcove_4,
          chequers_temple_overflow_statue_of_worship, serial_shops,
          nicolae_diamond_shop
D:4:      layout_cave_pools, vehumet_statue, lemuel_round_altar,
          lemuel_round_altar, temple_pool_b, grunt_ministairs_5, uniq_grinder
Temple:   bh_familiar_temple

Skill      XL: |  1  2  3  4  5  6 |
---------------+-------------------+-----
Short Blades   | 3 4 5 |  5.6
Dodging        | 3 |  3.2
Fighting       | |  2.6
Stealth        | |  2.4

Action                     |  1- 3 |  4- 6 || total
---------------------------+-------+-------++-------
  Melee: Short sword       |   104 |    20 ||   124
         Bite              |    20 |    19 ||    39
         Punch             |     2 |     1 ||     3
         Falchion          |       |    63 ||    63
    Use: Scroll            |       |     1 ||     1
   Stab: Sleeping          |    12 |     1 ||    13
         Distracted        |       |     1 ||     1
 Armour: Robe              |    20 |    15 ||    35
  Dodge: Dodged            |    62 |    46 ||   108

Table legend: (Time is in decaauts)
 A = Elapsed time spent in this place.
 B = Non-inter-level travel time spent in this place.
 C = Inter-level travel time spent in this place.
 D = Time resting spent in this place.
 E = Time spent auto-exploring this place.
 F = Levels seen in this place.
 G = Mean time per level.
                   A        B        C        D        E       F      G
               +--------+--------+--------+--------+--------+-----+--------+
         Total |   2922 |   2808 |    114 |     77 |   2094 |   5 |  584.4 |
       Dungeon |   2716 |   2629 |     87 |     77 |   1930 |   4 |  679.0 |
        Temple |    205 |    178 |     27 |      0 |    164 |   1 |  205.0 |
               +--------+--------+--------+--------+--------+-----+--------+

Top non-repeatable levels by time:
     D:1: 874 daAuts
     D:2: 762 daAuts
     D:3: 553 daAuts
     D:4: 525 daAuts
  Temple: 205 daAuts
